[Event "1000GM Winter IM Norm-2 2024"]
[Site "Sunnyvale/"]
[Date "2024.01.05"]
[Round "5.7"]
[White "Mede, Istvan"]
[Black "Bhatta, Rohit"]
[Result "1-0"]
[ECO "D36"]
[WhiteElo "2187"]
[BlackElo "1867"]
[Annotator "RC"]
[PlyCount "61"]
[EventDate "2023.12.14"]
[EventType "schev"]
[EventCountry "USA"]
[SourceTitle "playchess.com"]
[Source "ChessBase"]
[SourceQuality "1"]
[TimeControl "5400+30"]

1. d4 Nf6 2. c4 e6 3. Nc3 d5 4. cxd5 exd5 5. Bg5 c6 6. Qc2 h6 7. Bh4 g6 8. f3 Bg7 9. e3 Be6 10. Bd3 Na6 11. a3 Nc7 12. Nge2 Bd7 13. O-O O-O 14. Kh1 Ne6 15. e4 dxe4 16. fxe4 g5 17. Bf2 Nh5 18. Rad1 Nhf4 19. Bc4 Nxe2 20. Nxe2 Rc8 21. Be3 Qc7 22. Ba2 Rfd8 23. e5 Be8 24. Qf5 Nf8 25. Ng3 Qd7 26. Qe4 Ne6 27. Nf5 Bf8 28. Bb1 f6 29. exf6 Qf7 30. Ba2 Bd7 31. Ng7 1-0

[Event "1000GM Winter IM Norm-2 2024"]
[Site "Sunnyvale/"]
[Date "2024.01.05"]
[Round "5.8"]
[White "Stevens, Adam B"]
[Black "Stopa, Jacek"]
[Result "1/2-1/2"]
[ECO "A84"]
[WhiteElo "1878"]
[BlackElo "2344"]
[Annotator "RC"]
[PlyCount "48"]
[EventDate "2023.12.14"]
[EventType "schev"]
[EventCountry "USA"]
[SourceTitle "playchess.com"]
[Source "ChessBase"]
[SourceQuality "1"]
[TimeControl "5400+30"]

1. d4 f5 2. Nf3 Nf6 3. c4 g6 4. e3 Bg7 5. Be2 O-O 6. O-O b6 7. b4 a5 8. b5 Bb7 9. Bb2 Ne4 10. Nc3 e6 11. Qc2 d6 12. Rad1 Nd7 13. Nd2 Nxd2 14. Qxd2 Qg5 15. d5 e5 16. f4 Qh6 17. Rf3 Bf6 18. e4 Rae8 19. Rdf1 exf4 20. exf5 g5 21. h4 Nc5 22. hxg5 Qxg5 23. Rxf4 Kh8 24. Bd1 Bc8 1/2-1/2

[Event "1000GM Winter IM Norm-2 2024"]
[Site "Sunnyvale/"]
[Date "2024.01.05"]
[Round "5.9"]
[White "Sivakumar, Shaashwath"]
[Black "Calderin Gonzalez, Roberto"]
[Result "1-0"]
[ECO "D33"]
[WhiteElo "2205"]
[BlackElo "2413"]
[Annotator "RC"]
[PlyCount "137"]
[EventDate "2023.12.14"]
[EventType "schev"]
[EventCountry "USA"]
[SourceTitle "playchess.com"]
[Source "ChessBase"]
[SourceQuality "1"]
[TimeControl "5400+30"]

1. d4 d5 2. c4 e6 3. Nf3 c5 4. cxd5 exd5 5. g3 Nc6 6. Nc3 c4 7. Bg2 Bb4 8. O-O Nge7 9. Bd2 O-O 10. a3 Bxc3 11. bxc3 Bf5 12. Nh4 Be6 13. Qc2 Qd7 14. f3 b5 15. e4 a5 16. f4 dxe4 17. f5 Nxf5 18. Nxf5 Bxf5 19. Rxf5 Qxf5 20. Bxe4 Qd7 21. Bxh7+ Kh8 22. Bf5 Qd6 23. Qe4 g6 24. Qh4+ Kg8 25. Bg5 f6 26. Bxg6 Ra7 27. Bh6 f5 28. Bxf8 Qxg6 29. Bc5 Rh7 30. Qf4 Qh5 31. h4 Rg7 32. Re1 Rg4 33. Qc7 f4 34. Qxc6 Rxg3+ 35. Kf2 Qxh4 36. Qe8+ Kh7 37. Qe7+ Qxe7 38. Rxe7+ Kg6 39. Rb7 Kf5 40. Rxb5 Ke4 41. Bb6 Rxc3 42. Re5+ Kd3 43. d5 Rb3 44. Bc7 c3 45. d6 c2 46. d7 c1=Q 47. d8=Q+ Kc2 48. Bxa5 Rb2 49. Bd2 Qh1 50. Qc7+ Kxd2 51. Re2+ Kd3 52. Qd6+ Kc3 53. Qe5+ Kd3 54. Qf5+ Kc3 55. Qc5+ Kd3 56. Qd6+ Kc3 57. Qc7+ Kd3 58. Qd8+ Kc3 59. Qf6+ Kd3 60. Qd8+ Kc3 61. Qc7+ Kd3 62. Qd7+ Kc3 63. Qg7+ Kd3 64. Rxb2 Qh4+ 65. Kg1 Qe1+ 66. Kh2 Qh4+ 67. Kg2 f3+ 68. Kxf3 Qh5+ 69. Kg2 1-0

[Event "1000GM Winter IM Norm-2 2024"]
[Site "Sunnyvale/"]
[Date "2024.01.05"]
[Round "6.1"]
[White "Hajnal, Zoltan"]
[Black "Zhou, Ruoyu"]
[Result "1-0"]
[ECO "C10"]
[WhiteElo "2383"]
[BlackElo "2112"]
[Annotator "RC"]
[PlyCount "117"]
[EventDate "2023.12.14"]
[EventType "schev"]
[EventCountry "USA"]
[SourceTitle "playchess.com"]
[Source "ChessBase"]
[SourceQuality "1"]
[TimeControl "5400+30"]

1. d4 d5 2. Nc3 e6 3. e4 dxe4 4. Nxe4 Nf6 5. Nxf6+ gxf6 6. Nf3 Be7 7. g3 c5 8. Bg2 Nc6 9. Be3 cxd4 10. Nxd4 Nxd4 11. Bxd4 e5 12. Bc3 Qxd1+ 13. Rxd1 Rb8 14. O-O O-O 15. f4 exf4 16. Rxf4 Be6 17. Be4 b6 18. Bxf6 Bxf6 19. Rxf6 Kg7 20. Rff1 Rfd8 21. a3 a5 22. Kf2 h6 23. Rxd8 Rxd8 24. Ke3 Rd7 25. Bd3 Rc7 26. Rf4 Rc5 27. a4 Bd7 28. b3 Be6 29. Rd4 Rc6 30. Be4 Rc5 31. c4 Rc8 32. Rd6 Rb8 33. Kd4 Kf6 34. Bd5 Ke7 35. Rc6 Kd7 36. Ke5 Bg4 37. Rf6 Re8+ 38. Kd4 Be6 39. Rxh6 Rg8 40. Rh5 Kd6 41. Bf3 Rc8 42. Rb5 Rb8 43. Rxb6+ Rxb6 44. c5+ Kc7 45. cxb6+ Kxb6 46. Bd5 Bh3 47. Bxf7 Kc6 48. Ke5 Kd7 49. Bg6 Ke7 50. Bf5 Bf1 51. Be6 Bd3 52. g4 Kf8 53. Kf6 Bh7 54. g5 Bg8 55. Bxg8 Kxg8 56. g6 Kf8 57. h4 Kg8 58. g7 Kh7 59. Kf7 1-0

[Event "1000GM Winter IM Norm-2 2024"]
[Site "Sunnyvale/"]
[Date "2024.01.05"]
[Round "6.2"]
[White "Yao, Hanchi"]
[Black "Mede, Istvan"]
[Result "0-1"]
[ECO "E73"]
[WhiteElo "1998"]
[BlackElo "2187"]
[Annotator "RC"]
[PlyCount "68"]
[EventDate "2023.12.14"]
[EventType "schev"]
[EventCountry "USA"]
[SourceTitle "playchess.com"]
[Source "ChessBase"]
[SourceQuality "1"]
[TimeControl "5400+30"]

1. d4 Nf6 2. c4 g6 3. Nc3 Bg7 4. e4 d6 5. Be2 O-O 6. Be3 Na6 7. h4 e5 8. d5 h5 9. f3 c6 10. Nh3 cxd5 11. cxd5 Bd7 12. Nf2 Nc7 13. a4 Qe8 14. Qb3 Qb8 15. O-O Nfe8 16. Bb5 Nxb5 17. axb5 Qd8 18. g3 f5 19. Nd3 f4 20. Bf2 fxg3 21. Bxg3 Bf6 22. Kf2 Bxh4 23. Bxh4 Qxh4+ 24. Ke2 Qg3 25. Rf2 Ng7 26. Re1 g5 27. Qd1 g4 28. Rg1 Qh4 29. Kd2 g3 30. Rfg2 Qg5+ 31. Kc2 h4 32. Ne1 Nh5 33. Ne2 Bxb5 34. Kb1 Rac8 0-1

[Event "1000GM Winter IM Norm-2 2024"]
[Site "Sunnyvale/"]
[Date "2024.01.05"]
[Round "6.3"]
[White "Goktepe, Derin"]
[Black "Dominguez Aguilar, Guillermo"]
[Result "1/2-1/2"]
[ECO "A70"]
[WhiteElo "2187"]
[BlackElo "2319"]
[Annotator "RC"]
[PlyCount "41"]
[EventDate "2023.12.14"]
[EventType "schev"]
[EventCountry "USA"]
[SourceTitle "playchess.com"]
[Source "ChessBase"]
[SourceQuality "1"]
[TimeControl "5400+30"]

1. d4 Nf6 2. c4 c5 3. d5 e6 4. Nc3 exd5 5. cxd5 d6 6. Nf3 g6 7. h3 Bg7 8. e4 O-O 9. Be3 Re8 10. Nd2 a6 11. a4 Nxe4 12. Ncxe4 f5 13. Be2 fxe4 14. Nc4 Qf6 15. Qd2 Nd7 16. Bf4 Ne5 17. Nxe5 Rxe5 18. Bxe5 Qxe5 19. O-O Qe7 20. Rae1 Bd4 21. Bd3 1/2-1/2

[Event "1000GM Winter IM Norm-2 2024"]
[Site "Sunnyvale/"]
[Date "2024.01.05"]
[Round "6.4"]
[White "Atwell, Rose"]
[Black "Ramirez, Carlos"]
[Result "1-0"]
[ECO "D20"]
[WhiteElo "2104"]
[BlackElo "2190"]
[Annotator "RC"]
[PlyCount "75"]
[EventDate "2023.12.14"]
[EventType "schev"]
[EventCountry "USA"]
[SourceTitle "playchess.com"]
[Source "ChessBase"]
[SourceQuality "1"]
[TimeControl "5400+30"]

1. e4 e6 2. d4 d5 3. exd5 exd5 4. Nf3 Bd6 5. c4 Nf6 6. Nc3 dxc4 7. Bxc4 O-O 8. O-O Nc6 9. h3 h6 10. Qc2 Bd7 11. Re1 Qc8 12. Bf1 Bf5 13. Qb3 Nb4 14. Re2 Be6 15. Qd1 Rd8 16. Be3 c6 17. Rc1 Nbd5 18. Qc2 Bf5 19. Qb3 Be6 20. Qc2 Re8 21. Bd2 Nb4 22. Qa4 Rd8 23. Ne5 Bf8 24. Be3 Nfd5 25. a3 Nxc3 26. bxc3 Nd5 27. c4 Nxe3 28. fxe3 f6 29. Ng6 Qd7 30. c5 f5 31. Rf2 Kh7 32. Ne5 Qc7 33. Bc4 Bxc4 34. Qxc4 Rd5 35. Rxf5 Re8 36. Rf7 Qd8 37. Rcf1 Bxc5 38. Qd3+ 1-0

[Event "1000GM Winter IM Norm-2 2024"]
[Site "Sunnyvale/"]
[Date "2024.01.05"]
[Round "6.5"]
[White "Sivakumar, Shaaketh"]
[Black "Arenas, David"]
[Result "1/2-1/2"]
[ECO "C67"]
[WhiteElo "2364"]
[BlackElo "2406"]
[Annotator "RC"]
[PlyCount "39"]
[EventDate "2023.12.14"]
[EventType "schev"]
[EventCountry "USA"]
[SourceTitle "playchess.com"]
[Source "ChessBase"]
[SourceQuality "1"]
[TimeControl "5400+30"]

1. e4 e5 2. Nf3 Nc6 3. Bb5 Nf6 4. O-O Nxe4 5. Re1 Nd6 6. Nxe5 Nxe5 7. Rxe5+ Be7 8. Bf1 O-O 9. d4 Bf6 10. Re1 Re8 11. c3 Rxe1 12. Qxe1 Ne8 13. Bf4 d5 14. Bd3 g6 15. Nd2 Ng7 16. Nf3 Bf5 17. Bxf5 Nxf5 18. Be5 c6 19. Bxf6 Qxf6 20. Qe5 1/2-1/2

[Event "1000GM Winter IM Norm-2 2024"]
[Site "Sunnyvale/"]
[Date "2024.01.05"]
[Round "6.6"]
[White "Rodi, Luis Ernesto"]
[Black "Karthi, Jashith"]
[Result "1/2-1/2"]
[ECO "D00"]
[WhiteElo "2196"]
[BlackElo "2032"]
[Annotator "RC"]
[PlyCount "152"]
[EventDate "2023.12.14"]
[EventType "schev"]
[EventCountry "USA"]
[SourceTitle "playchess.com"]
[Source "ChessBase"]
[SourceQuality "1"]
[TimeControl "5400+30"]

1. d4 d5 2. Nc3 Bf5 3. f3 Nf6 4. Bf4 c6 5. g4 Bg6 6. h4 h5 7. g5 Nfd7 8. e4 e6 9. Bd3 Bb4 10. exd5 cxd5 11. Bxg6 fxg6 12. Qd3 O-O 13. Nge2 Bxc3+ 14. bxc3 Rf5 15. Qe3 Qe7 16. O-O Nc6 17. Bg3 e5 18. dxe5 Ndxe5 19. Nf4 Qf7 20. Kg2 Rf8 21. Nd3 Ng4 22. fxg4 Rxf1 23. Rxf1 Qxf1+ 24. Kh2 Qd1 25. gxh5 Qxc2+ 26. Kh3 gxh5 27. Bd6 Rd8 28. Qe6+ Kh7 29. Qf5+ Kh8 30. Qf3 Rxd6 31. Qxh5+ Rh6 32. Qf3 Rd6 33. Qh5+ Rh6 34. Qf3 Rxh4+ 35. Kxh4 Qh2+ 36. Kg4 Ne5+ 37. Nxe5 Qxe5 38. g6 Qe6+ 39. Qf5 Qe2+ 40. Kg5 Qe3+ 41. Qf4 Qe7+ 42. Kh5 Kg8 43. Qb8+ Qf8 44. Qe5 Qf3+ 45. Kg5 Qg2+ 46. Kf5 Qf3+ 47. Kg5 Qg2+ 48. Kf5 Qh3+ 49. Kf4 Qh2+ 50. Kf5 Qh5+ 51. Kf4 Qh2+ 52. Kf5 Qh5+ 53. Kf4 Qxg6 54. Qb8+ Kh7 55. Qxb7 Qe4+ 56. Kg3 Qe3+ 57. Kg4 Qe2+ 58. Kf4 Qxa2 59. Ke5 Qa5 60. Qc8 Qb6 61. Kxd5 Qb5+ 62. Kd4 a5 63. c4 Qb2+ 64. Kd5 Qd2+ 65. Kc5 Qb4+ 66. Kd5 Qd2+ 67. Kc5 g5 68. Qf5+ Kh6 69. Kc6 a4 70. c5 Qg2+ 71. Kb5 a3 72. Qf6+ Kh5 73. Qh8+ Kg4 74. Qd4+ Kh5 75. Qh8+ Kg4 76. Qd4+ Kh5 1/2-1/2

[Event "1000GM Winter IM Norm-2 2024"]
[Site "Sunnyvale/"]
[Date "2024.01.05"]
[Round "6.7"]
[White "Stopa, Jacek"]
[Black "Bhatta, Rohit"]
[Result "1-0"]
[ECO "C24"]
[WhiteElo "2344"]
[BlackElo "1867"]
[Annotator "RC"]
[PlyCount "85"]
[EventDate "2023.12.14"]
[EventType "schev"]
[EventCountry "USA"]
[SourceTitle "playchess.com"]
[Source "ChessBase"]
[SourceQuality "1"]
[TimeControl "5400+30"]

1. e4 e5 2. Bc4 Nf6 3. d3 c6 4. Nf3 d5 5. exd5 cxd5 6. Bb3 Nc6 7. Bg5 Be7 8. Nc3 d4 9. Ne2 Nd7 10. Bxe7 Qxe7 11. O-O Nc5 12. Bc4 Be6 13. Bb5 f6 14. Re1 O-O 15. Bxc6 bxc6 16. b4 Na6 17. a3 Qd7 18. c4 dxc3 19. Nxc3 Rfd8 20. d4 exd4 21. Qxd4 Qxd4 22. Nxd4 Rxd4 23. Rxe6 Rc4 24. Na4 Rd8 25. h3 Kf7 26. Rae1 Rd7 27. Re8 Rc2 28. Ra8 Kg6 29. Re3 Rd1+ 30. Kh2 Rd7 31. Rg3+ Kf7 32. Rf3 h6 33. Kg3 Re7 34. Nc3 Kg6 35. Rd3 Kf7 36. Nd1 c5 37. Ne3 Rb2 38. Nf5 Rc7 39. b5 c4 40. Rc3 Rb3 41. Rxb3 cxb3 42. bxa6 Rc5 43. Rxa7+ 1-0

[Event "1000GM Winter IM Norm-2 2024"]
[Site "Sunnyvale/"]
[Date "2024.01.05"]
[Round "6.8"]
[White "Calderin Gonzalez, Roberto"]
[Black "Stevens, Adam B"]
[Result "1-0"]
[ECO "D00"]
[WhiteElo "2413"]
[BlackElo "1878"]
[Annotator "RC"]
[PlyCount "63"]
[EventDate "2023.12.14"]
[EventType "schev"]
[EventCountry "USA"]
[SourceTitle "playchess.com"]
[Source "ChessBase"]
[SourceQuality "1"]
[TimeControl "5400+30"]

1. d4 Nf6 2. Bg5 d5 3. Bxf6 exf6 4. e3 c5 5. dxc5 Bxc5 6. Nc3 Be6 7. Nge2 Nc6 8. Nf4 d4 9. Nxe6 fxe6 10. Qh5+ g6 11. Qxc5 dxc3 12. Qxc3 Rc8 13. Qa3 Kf7 14. Rd1 Qc7 15. Be2 Rhd8 16. O-O Rxd1 17. Rxd1 Rd8 18. Rxd8 Qxd8 19. Qc3 Qd5 20. a3 h5 21. Qd3 Qc5 22. Qd7+ Ne7 23. c4 Qb6 24. b4 a5 25. c5 Qa7 26. Bc4 axb4 27. Bxe6+ Kf8 28. Qd8+ Kg7 29. Qxe7+ Kh6 30. Qf8+ Kg5 31. f4+ Kh4 32. g3# 1-0

[Event "1000GM Winter IM Norm-2 2024"]
[Site "Sunnyvale/"]
[Date "2024.01.06"]
[Round "6.9"]
[White "Zuluaga Mancilla, Cesar"]
[Black "Sivakumar, Shaashwath"]
[Result "0-1"]
[ECO "D15"]
[WhiteElo "2251"]
[BlackElo "2205"]
[Annotator "RC"]
[PlyCount "128"]
[EventDate "2023.12.14"]
[EventType "schev"]
[EventCountry "USA"]
[SourceTitle "playchess.com"]
[Source "ChessBase"]
[SourceQuality "1"]
[TimeControl "5400+30"]

1. d4 d5 2. Nf3 Nf6 3. e3 Bf5 4. c4 c6 5. Nc3 a6 6. Qb3 Ra7 7. Nh4 Bc8 8. Bd2 e6 9. Nf3 Be7 10. Qc2 O-O 11. Bd3 dxc4 12. Bxc4 c5 13. dxc5 Bxc5 14. a3 b5 15. Be2 Rc7 16. O-O Bb7 17. Rfd1 Nbd7 18. b4 Be7 19. Qb3 Qc8 20. Rac1 Qb8 21. a4 bxa4 22. Nxa4 Rfc8 23. Rxc7 Rxc7 24. h3 Ne4 25. Be1 Qc8 26. Qb1 h6 27. Bd3 Nef6 28. e4 Bc6 29. Nc3 Ba8 30. Ne2 Bb7 31. Bd2 Qa8 32. Bf4 Rc8 33. Ng3 Nb6 34. Rc1 Rxc1+ 35. Bxc1 Qc8 36. Be3 Nbd7 37. Bd4 Qc6 38. Qb2 Qa4 39. Bc3 Qd1+ 40. Ne1 Nb6 41. Bc2 Qd7 42. Bd4 Nc4 43. Qc3 Nd6 44. Bxf6 Bxf6 45. Qd3 Be5 46. f4 Bxf4 47. Nh5 Be5 48. Nf3 Bxe4 49. Qe3 Bxc2 50. Qxe5 Ne8 51. Nd4 Ba4 52. Qe3 Qd6 53. Qc3 Bd7 54. Nf3 Bc6 55. Ne5 Bb7 56. Ng4 Qd5 57. Nf4 Qe4 58. Qg3 Kf8 59. Nh5 Qxb4 60. Ne5 Qd6 61. Nxg7 Qd1+ 62. Kh2 Nxg7 63. Qa3+ Kg8 64. Qe7 Qf1 0-1

[Event "1000GM Winter IM Norm-2 2024"]
[Site "Sunnyvale/"]
[Date "2024.01.06"]
[Round "7.1"]
[White "Zhou, Ruoyu"]
[Black "Rodi, Luis Ernesto"]
[Result "1/2-1/2"]
[ECO "B12"]
[WhiteElo "2112"]
[BlackElo "2196"]
[Annotator "RC"]
[PlyCount "48"]
[EventDate "2023.12.14"]
[EventType "schev"]
[EventCountry "USA"]
[SourceTitle "playchess.com"]
[Source "ChessBase"]
[SourceQuality "1"]
[TimeControl "5400+30"]

1. e4 c6 2. d4 d5 3. e5 Bf5 4. Nf3 e6 5. Be2 c5 6. c3 Nc6 7. O-O h6 8. Be3 Qb6 9. Qd2 cxd4 10. Nxd4 Nxd4 11. cxd4 Ne7 12. Nc3 Nc6 13. a3 Be7 14. b4 O-O 15. Na4 Qd8 16. Rac1 a5 17. Nc5 axb4 18. axb4 Qc8 19. Bb5 Na7 20. Be2 Nc6 21. Bb5 Na7 22. Be2 Nc6 23. b5 Na5 24. b6 Qc6 1/2-1/2

[Event "1000GM Winter IM Norm-2 2024"]
[Site "Sunnyvale/"]
[Date "2024.01.06"]
[Round "7.2"]
[White "Karthi, Jashith"]
[Black "Dominguez Aguilar, Guillermo"]
[Result "1/2-1/2"]
[ECO "A70"]
[WhiteElo "2032"]
[BlackElo "2319"]
[Annotator "RC"]
[PlyCount "42"]
[EventDate "2023.12.14"]
[EventType "schev"]
[EventCountry "USA"]
[SourceTitle "playchess.com"]
[Source "ChessBase"]
[SourceQuality "1"]
[TimeControl "5400+30"]

1. d4 Nf6 2. c4 c5 3. d5 e6 4. Nc3 exd5 5. cxd5 d6 6. Nf3 g6 7. h3 Bg7 8. e4 O-O 9. Be3 a6 10. a4 Nbd7 11. Be2 Qe7 12. Nd2 Rb8 13. a5 b5 14. axb6 Rxb6 15. Nc4 Rb4 16. Qc2 Re8 17. O-O Nb6 18. Na5 Bd7 19. Bf3 Qd8 20. Nc6 Bxc6 21. dxc6 Nc4 1/2-1/2

[Event "1000GM Winter IM Norm-2 2024"]
[Site "Sunnyvale/"]
[Date "2024.01.06"]
[Round "7.3"]
[White "Ramirez, Carlos"]
[Black "Goktepe, Derin"]
[Result "1-0"]
[ECO "E52"]
[WhiteElo "2190"]
[BlackElo "2187"]
[Annotator "RC"]
[PlyCount "75"]
[EventDate "2023.12.14"]
[EventType "schev"]
[EventCountry "USA"]
[SourceTitle "playchess.com"]
[Source "ChessBase"]
[SourceQuality "1"]
[TimeControl "5400+30"]

1. d4 Nf6 2. c4 e6 3. Nf3 d5 4. Nc3 Bb4 5. e3 O-O 6. Bd3 dxc4 7. Bxc4 b6 8. O-O Bb7 9. a3 Bxc3 10. bxc3 c5 11. Bb2 cxd4 12. cxd4 Nc6 13. Qe2 Na5 14. Bd3 Qd5 15. Ne1 Qb3 16. f3 Nd5 17. Rf2 Nc3 18. Qd2 Na4 19. Bc1 Nc4 20. Qb4 Na5 21. Bc2 Qc3 22. Rb1 Nc6 23. Qxa4 Qxe1+ 24. Rf1 Qa5 25. Qb3 Qd5 26. Qd3 g6 27. Bb2 Na5 28. e4 Qc4 29. Qd2 Rac8 30. Bd3 Qb3 31. d5 Nc4 32. Bxc4 Qxc4 33. Rbc1 Qa4 34. Bf6 Rxc1 35. Qxc1 e5 36. Qh6 Qd4+ 37. Kh1 Qd3 38. Qg7# 1-0

[Event "1000GM Winter IM Norm-2 2024"]
[Site "Sunnyvale/"]
[Date "2024.01.06"]
[Round "7.4"]
[White "Arenas, David"]
[Black "Atwell, Rose"]
[Result "1/2-1/2"]
[ECO "B12"]
[WhiteElo "2406"]
[BlackElo "2104"]
[Annotator "RC"]
[PlyCount "47"]
[EventDate "2023.12.14"]
[EventType "schev"]
[EventCountry "USA"]
[SourceTitle "playchess.com"]
[Source "ChessBase"]
[SourceQuality "1"]
[TimeControl "5400+30"]

1. e4 c6 2. d4 d5 3. e5 Bf5 4. Nd2 e6 5. Nb3 c5 6. dxc5 Bxc5 7. Nf3 Nc6 8. Nxc5 Qa5+ 9. c3 Qxc5 10. Be3 Qa5 11. Nd4 Nxd4 12. Bxd4 Ne7 13. b4 Qc7 14. Bb5+ Nc6 15. O-O O-O 16. Bxc6 Qxc6 17. a4 Rfc8 18. Qd2 h6 19. Rfe1 Qd7 20. a5 Rc4 21. Re3 Qc6 22. Rg3 Kh8 23. Qe3 a6 24. Re1 1/2-1/2

[Event "1000GM Winter IM Norm-2 2024"]
[Site "Sunnyvale/"]
[Date "2024.01.06"]
[Round "7.5"]
[White "Mede, Istvan"]
[Black "Sivakumar, Shaaketh"]
[Result "1-0"]
[ECO "C01"]
[WhiteElo "2187"]
[BlackElo "2364"]
[Annotator "RC"]
[PlyCount "65"]
[EventDate "2023.12.14"]
[EventType "schev"]
[EventCountry "USA"]
[SourceTitle "playchess.com"]
[Source "ChessBase"]
[SourceQuality "1"]
[TimeControl "5400+30"]

1. e4 e6 2. d4 d5 3. exd5 exd5 4. Nf3 Nc6 5. Bb5 Bd6 6. c4 dxc4 7. d5 a6 8. Ba4 b5 9. dxc6 bxa4 10. O-O Ne7 11. Qxa4 Be6 12. Nbd2 O-O 13. Nxc4 Bd5 14. Nxd6 Qxd6 15. Qf4 Qxc6 16. b3 Ng6 17. Qg3 f5 18. Bf4 Nxf4 19. Qxf4 Qg6 20. Rfe1 c6 21. Qg5 Rf6 22. Qxg6 Rxg6 23. Nh4 Rg4 24. g3 Rf8 25. Re5 Re4 26. Rxf5 Rfe8 27. Ng2 Re2 28. Ne3 R8xe3 29. fxe3 Rg2+ 30. Kf1 Rxh2 31. Rd1 Rxa2 32. e4 g6 33. exd5 1-0

[Event "1000GM Winter IM Norm-2 2024"]
[Site "Sunnyvale/"]
[Date "2024.01.06"]
[Round "7.6"]
[White "Stopa, Jacek"]
[Black "Yao, Hanchi"]
[Result "1-0"]
[ECO "D00"]
[WhiteElo "2344"]
[BlackElo "1998"]
[Annotator "RC"]
[PlyCount "94"]
[EventDate "2023.12.14"]
[EventType "schev"]
[EventCountry "USA"]
[SourceTitle "playchess.com"]
[Source "ChessBase"]
[SourceQuality "1"]
[TimeControl "5400+30"]

1. d4 Nf6 2. Bg5 d5 3. Bxf6 exf6 4. e3 Bf5 5. g3 c6 6. Nd2 Nd7 7. Bg2 Nb6 8. Ne2 Bd6 9. O-O O-O 10. a4 a5 11. b3 Qd7 12. c4 Bb4 13. c5 Nc8 14. Nf3 b6 15. cxb6 h6 16. Ne1 Qb7 17. Nd3 Qxb6 18. Nxb4 Qxb4 19. Rc1 Ra6 20. Rc3 Nd6 21. f3 Re8 22. Kf2 Rb6 23. Qc1 Bd7 24. Nf4 Rbb8 25. Nd3 Qb7 26. Qa3 Qc7 27. Rfc1 Rb6 28. Qc5 Nb7 29. Qa3 Bf5 30. Nf4 Qd7 31. Bf1 Nd8 32. Qc5 Qa7 33. Qd6 Qe7 34. Qxe7 Rxe7 35. g4 Bd7 36. Nd3 Nb7 37. b4 axb4 38. Rb3 Na5 39. Rxb4 Rxb4 40. Nxb4 Be8 41. Rc5 Ra7 42. Na6 Nb7 43. Rc3 Kf8 44. e4 Ke7 45. Nc7 dxe4 46. Nxe8 Kxe8 47. Rxc6 Rxa4 1-0

[Event "1000GM Winter IM Norm-2 2024"]
[Site "Sunnyvale/"]
[Date "2024.01.06"]
[Round "7.7"]
[White "Bhatta, Rohit"]
[Black "Calderin Gonzalez, Roberto"]
[Result "0-1"]
[ECO "A41"]
[WhiteElo "1867"]
[BlackElo "2413"]
[Annotator "RC"]
[PlyCount "112"]
[EventDate "2023.12.14"]
[EventType "schev"]
[EventCountry "USA"]
[SourceTitle "playchess.com"]
[Source "ChessBase"]
[SourceQuality "1"]
[TimeControl "5400+30"]

1. d4 g6 2. c4 Bg7 3. Nf3 d6 4. g3 Bg4 5. Bg2 Nc6 6. d5 Na5 7. Qa4+ c6 8. Bd2 b6 9. Bxa5 bxa5 10. Nc3 Rc8 11. dxc6 Qb6 12. O-O Kf8 13. h3 Bf5 14. Nh4 Qxb2 15. Nd5 e6 16. Nxf5 gxf5 17. Rab1 Qe5 18. Nf4 a6 19. Rb6 Bh6 20. e3 Nf6 21. Rxa6 Ne4 22. Rxa5 Nc5 23. Nd3 Nxa4 24. Nxe5 dxe5 25. Rxa4 e4 26. Ra6 Ke7 27. Rd1 Rc7 28. g4 Rb8 29. gxf5 exf5 30. Rd5 Rb1+ 31. Kh2 Ke6 32. Rd7 Bg7 33. h4 Be5+ 34. Kh3 Rxd7 35. cxd7+ Kxd7 36. Ra5 Ke6 37. Ra6+ Ke7 38. Ra5 Kf6 39. f3 Re1 40. Ra3 Bd6 41. Rb3 Ke5 42. Rb5+ Ke6 43. Rb3 exf3 44. Bxf3 Bc5 45. Bd5+ Ke5 46. Bxf7 Bxe3 47. Kg2 Kf4 48. Bd5 Rg1+ 49. Kh2 Ra1 50. Rb2 Kg4 51. Rc2 Bc5 52. Be6 Re1 53. Bd7 Re5 54. a4 Kxh4 55. a5 f4 56. Bc6 Re3 0-1

[Event "1000GM Winter IM Norm-2 2024"]
[Site "Sunnyvale/"]
[Date "2024.01.06"]
[Round "7.8"]
[White "Stevens, Adam B"]
[Black "Zuluaga Mancilla, Cesar"]
[Result "1/2-1/2"]
[ECO "D37"]
[WhiteElo "1878"]
[BlackElo "2251"]
[Annotator "RC"]
[PlyCount "119"]
[EventDate "2023.12.14"]
[EventType "schev"]
[EventCountry "USA"]
[SourceTitle "playchess.com"]
[Source "ChessBase"]
[SourceQuality "1"]
[TimeControl "5400+30"]

1. d4 d5 2. c4 e6 3. Nf3 a6 4. cxd5 exd5 5. Nc3 Nf6 6. Bg5 c6 7. e3 Be7 8. Bd3 h6 9. Bh4 Be6 10. Qe2 Nbd7 11. O-O O-O 12. Rfd1 Re8 13. Rac1 Nh7 14. Bg3 Nhf8 15. h3 f5 16. Qc2 g6 17. Nd2 Bf7 18. Nb3 a5 19. a4 Ne6 20. f3 Bg5 21. Bf2 Nef8 22. Re1 h5 23. Rcd1 Qb6 24. Nc5 Nxc5 25. dxc5 Qc7 26. e4 dxe4 27. fxe4 f4 28. Ne2 Rad8 29. Bc4 Rxd1 30. Rxd1 Bxc4 31. Qxc4+ Qf7 32. Qxf7+ Kxf7 33. Nc3 Bf6 34. Bd4 Bxd4+ 35. Rxd4 Re5 36. b4 Ke8 37. bxa5 Ne6 38. a6 bxa6 39. Rd6 Rxc5 40. Rxe6+ Kf7 41. Rd6 Rxc3 42. Rd7+ Ke6 43. Ra7 Ke5 44. Rxa6 g5 45. Ra5+ c5 46. Ra8 Kxe4 47. a5 Ra3 48. a6 Kd4 49. a7 Kc4 50. Kf2 g4 51. hxg4 hxg4 52. Kf1 Ra1+ 53. Kf2 Kc3 54. Rc8 Ra2+ 55. Kf1 Rxa7 56. Rxc5+ Kd4 57. Rc1 Ke4 58. Rc4+ Ke3 59. Rc1 Kd2 60. Re1 1/2-1/2

[Event "1000GM Winter IM Norm-2 2024"]
[Site "Sunnyvale/"]
[Date "2024.01.06"]
[Round "7.9"]
[White "Sivakumar, Shaashwath"]
[Black "Hajnal, Zoltan"]
[Result "1/2-1/2"]
[ECO "D11"]
[WhiteElo "2205"]
[BlackElo "2383"]
[Annotator "RC"]
[PlyCount "65"]
[EventDate "2023.12.14"]
[EventType "schev"]
[EventCountry "USA"]
[SourceTitle "playchess.com"]
[Source "ChessBase"]
[SourceQuality "1"]
[TimeControl "5400+30"]

1. d4 d5 2. c4 c6 3. Nf3 Nf6 4. e3 Bg4 5. Nc3 e6 6. h3 Bxf3 7. Qxf3 Nbd7 8. Bd2 Bd6 9. g3 O-O 10. b3 Re8 11. Bg2 e5 12. O-O exd4 13. exd4 Bb4 14. Bf4 Qa5 15. Rfc1 Qa3 16. cxd5 Bxc3 17. Qxc3 Nxd5 18. Bxd5 cxd5 19. Qc7 Nb6 20. Qxb7 Qb2 21. Be3 h6 22. Qa6 Rac8 23. Qf1 Nd7 24. Rcb1 Qa3 25. Rc1 Qb2 26. Rxc8 Rxc8 27. Rc1 Rxc1 28. Qxc1 Qxa2 29. Qc8+ Nf8 30. Qb7 Qa5 31. Qb8 Qb6 32. Qxb6 axb6 33. Kf1 1/2-1/2

[Event "1000GM Winter IM Norm-2 2024"]
[Site "Sunnyvale/"]
[Date "2024.01.06"]
[Round "8.1"]
[White "Dominguez Aguilar, Guillermo"]
[Black "Zhou, Ruoyu"]
[Result "1/2-1/2"]
[ECO "C47"]
[WhiteElo "2319"]
[BlackElo "2112"]
[Annotator "RC"]
[PlyCount "64"]
[EventDate "2023.12.14"]
[EventType "schev"]
[EventCountry "USA"]
[SourceTitle "playchess.com"]
[Source "ChessBase"]
[SourceQuality "1"]
[TimeControl "5400+30"]

1. e4 e5 2. Nf3 Nc6 3. d4 exd4 4. Nxd4 Nf6 5. Nc3 Bb4 6. Nxc6 bxc6 7. Bd3 d5 8. exd5 cxd5 9. O-O O-O 10. h3 h6 11. Qf3 c6 12. Bf4 Bd6 13. Rfe1 Be6 14. Ne2 c5 15. c3 Rb8 16. b3 Re8 17. Rad1 Bxf4 18. Nxf4 Qb6 19. Bc2 Rbd8 20. Re2 Qc7 21. Rde1 Qd6 22. Qg3 a5 23. Re5 Re7 24. R1e2 Rde8 25. Bd3 c4 26. bxc4 dxc4 27. Nxe6 Rxe6 28. Rxe6 Rxe6 29. Rxe6 Qxe6 30. Qb8+ Ne8 31. Bxc4 Qxc4 32. Qxe8+ Kh7 1/2-1/2